 Dungeon Crawl Stone Soup version 0.28.0-53-g5a82cb258f (webtiles) character file.

Game seed: 4212290440985529479

32075 mcbry74 the Severer (level 13, -9/122 HPs)
             Began as a Minotaur Fighter on July 20, 2022.
             Was a Priest of the Shining One.
             Mangled by a snapping turtle (16 damage)
             ... on level 6 of the Lair of Beasts.
             The game lasted 00:48:50 (15639 turns).

mcbry74 the Severer (Minotaur Fighter)             Turns: 15639, Time: 00:48:50

Health: -9/122     AC: 22    Str: 24    XL:     13   Next: 29%
Magic:  16/16      EV: 10    Int:  7    God:    the Shining One [***...]
Gold:   990        SH:  4    Dex: 10    Spells: 12/12 levels left

rFire   + . .      SeeInvis .   m - +3 war axe (flame)
rCold   . . .      Faith    .   c - +0 buckler
rNeg    + . .      Spirit   .   v - +3 chain mail {rF+}
rPois   +          Reflect  .   h - +2 hat {Will+}
rElec   .          Harm     .   y - +0 cloak
rCorr   .          Rampage  .   A - +0 pair of gloves
Will    +....                   n - +0 pair of boots
Stlth   ..........              a - amulet of regeneration
HPRegen 1.10/turn               M - ring of poison resistance
MPRegen 0.15/turn               (no ring)

@: lethally poisoned (-9 -> -27), about to teleport, glowing, studying Fighting
A: horns 2, retaliatory headbutt
a: Renounce Religion, Divine Shield, Cleansing Flame


You were on level 6 of the Lair of Beasts.
You worshipped the Shining One.
The Shining One was most pleased with you.
You visited 3 branches of the dungeon, and saw 16 of its levels.
You also visited: Sewer, Bailey and Volcano.

You collected 1008 gold pieces.
You spent 18 gold pieces at shops.

Inventory:

Hand Weapons
 m - a +3 war axe of flaming (weapon)
 p - a +1 longbow of flaming
 J - a +2 mace of protection
Missiles
 b - 6 throwing nets
 l - 47 poisoned darts
 q - 4 curare-tipped darts (quivered)
Armour
 c - a +0 buckler (worn)
 h - a +2 hat of willpower (worn)
 j - a +3 chain mail of positive energy
 n - a +0 pair of boots (worn)
 s - a +0 hat
 v - a +3 chain mail of fire resistance (worn)
 w - a +2 chain mail of cold resistance
 y - a +0 cloak (worn)
 A - a +0 pair of gloves (worn)
Jewellery
 a - an amulet of regeneration (around neck)
 M - a ring of poison resistance (left hand)
Wands
 u - a wand of polymorph (10)
 H - a wand of flame (26)
 I - a wand of iceblast (13)
Scrolls
 g - 6 scrolls of teleportation
 i - 5 scrolls of fog
 k - a scroll of blinking
 r - a scroll of holy word
 x - 2 scrolls of fear
 z - a scroll of vulnerability
 C - 6 scrolls of silence
 D - a scroll of magic mapping
 Q - a scroll of enchant armour
Potions
 d - a potion of might
 e - a potion of magic
 f - 3 potions of mutation
 o - 2 potions of curing
 t - 3 potions of haste
 B - 4 potions of ambrosia
 E - 2 potions of heal wounds
 F - 2 potions of flight
 G - 3 potions of berserk rage
 L - a potion of cancellation
 N - 2 potions of invisibility
 O - a potion of attraction
 P - 4 potions of brilliance
 R - a potion of lignification {unknown}
Miscellaneous
 K - a phantom mirror
 S - a phantom mirror


   Skills:
 + Level 13.3 Fighting
 - Level 16.4(17.1) Axes
 + Level 5.4(12.0) Maces & Flails
 + Level 5.4(12.0) Polearms
 + Level 6.0 Throwing
 + Level 13.4 Armour
 + Level 6.8 Dodging
 - Level 4.0 Shields
 + Level 6.1 Invocations


You had 12 spell levels left.
You didn't know any spells.
Your spell library contained the following spells:

 Spells                   Type           Power      Damage    Failure   Level
 Animate Skeleton         Necr           0%         N/A       95%         1
 Magic Dart               Conj           0%         1d3       95%         1
 Pain                     Necr           0%         1d4       95%         1
 Corpse Rot               Necr/Air       0%         N/A       99%         2
 Poisonous Vapours        Pois/Air       0%         N/A       99%         2
 Searing Ray              Conj           0%         2d4       99%         2
 Dazzling Flash           Conj/Hex       0%         N/A       100%        3
 Tukima's Dance           Hex            0%         N/A       100%        3
 Vampiric Draining        Necr           0%         2d6       100%        3
 Dispel Undead            Necr           0%         3d6       100%        4
 Fulminant Prism          Conj/Hex       0%         3d6       100%        4
 Hailstorm                Conj/Ice       0%         3d3       100%        4
 Ice Form                 Ice/Tmut       0%         N/A       100%        4
 Iskenderun's Mystic Bla  Conj/Tloc      0%         2d3       100%        4
 Olgreb's Toxic Radiance  Pois           0%         N/A       100%        4
 Passage of Golubria      Tloc           0%         N/A       100%        4
 Sticky Flame             Conj/Fire      0%         2d3       100%        4
 Alistair's Intoxication  Tmut/Pois      0%         N/A       100%        5
 Borgnjor's Vile Clutch   Necr/Erth      0%         N/A       100%        5
 Summon Forest            Summ/Tloc      0%         N/A       100%        5
 Summon Mana Viper        Hex/Summ       0%         N/A       100%        5
 Yara's Violent Unravell  Hex/Tmut       0%         3d3       100%        5
 Death Channel            Necr           0%         N/A       100%        6
 Eringya's Noxious Bog    Tmut/Pois      0%         N/A       100%        6
 Simulacrum               Ice/Necr       0%         N/A       100%        6
 Starburst                Conj/Fire      0%         6d3       100%        6
 Summon Cactus Giant      Summ           0%         N/A       100%        6
 Fire Storm               Conj/Fire      0%         5d1       100%        9


Dungeon Overview and Level Annotations

Branches:
Dungeon (9/15)             Temple (1/1) D:7            Lair (6/6) D:9
 Shoals (0/4) Lair:4        Snake (0/4) Lair:4        Slime (0/5) Lair:5
  Sewer (visited)          Bailey (visited)         Volcano (visited)
    Orc: D:9-12

Altars:
Ashenzari
Cheibriados
Dithmenos
Elyvilon
Fedhas
Gozag
Hepliaklqana
Kikubaaqudgha
Makhleb
Nemelex Xobeh
Okawaru
Qazlal
Ru
Sif Muna
Trog
Uskayaw
Vehumet
Wu Jian
Xom
Yredelemnul
Zin
The Shining One
Jiyva

Shops:
D:1 ?   D:2 [(   D:6 :


Innate Abilities, Weirdness & Mutations

You have a pair of horns on your head.
You reflexively headbutt those who attack you in melee.


Message History

The snapping turtle bites you but does no damage.
The blink frog blinks!
The sea snake barely misses you. You furiously retaliate!
You headbutt the sea snake.
The sea snake bites you but does no damage. x2
The sea snake bites you!
* * * LOW HITPOINT WARNING * * *
The snapping turtle bites you but does no damage.
The sea snake bites you.
* * * LOW HITPOINT WARNING * * *
You block the sea snake's attack. The sea snake bites you.
* * * LOW HITPOINT WARNING * * *
The snapping turtle misses you.
Okay, then.
The sea snake bites you but does no damage.
The sea snake bites you.
* * * LOW HITPOINT WARNING * * *
The sea snake bites you but does no damage.
You block the sea snake's attack.
The snapping turtle bites you but does no damage.
Okay, then.
As you read the scroll of teleportation, it crumbles to dust.
You feel strangely unstable. The sea snake barely misses you.
You furiously retaliate!
You headbutt the sea snake!
The blink frog blinks!
The sea snake bites you!
* * * LOW HITPOINT WARNING * * *
You are lethally poisoned!
The sea snake poisons you!
The snapping turtle bites you from afar!!
* * * LOW HITPOINT WARNING * * *
You feel much better.
* * * LOW HITPOINT WARNING * * *
You feel extremely sick.
The blink frog hits you but does no damage.
The sea snake bites you!
* * * LOW HITPOINT WARNING * * *
The sea snake barely misses you.
The merfolk avatar chants a haunting song.
You resist with some effort. You block the sea snake's attack.
The snapping turtle bites you from afar!
You die... #P.......##≈≈# #........≈≈≈≈# #.......≈≈≈≈≈# ##......≈≈≈≈≈# #.......≈≈≈≈≈# ##........#≈.≈# #........≈t≈≈≈# # ##.....FlSk≈≈≈# ≈##. #.......@S#≈≈≈# k≈ml≈

###......≈##≈≈#⌠k≈≈h≈
##†......≈≈≈≈l#
#.[.....≈≈.m≈#.≈P≈≈≈
#...(....#.≈≈#P#≈#≈8
##......≈##≈≈# ≈ ≈≈
#.......≈PP≈P≈#≈# #≈
##.......≈≈≈≈≈≈≈≈≈≈≈≈≈
#.......##≈≈#.≈≈#≈≈≈#


You could see a merfolk avatar, 2 sea snakes, a snapping turtle, a wind drake
(repels missiles), a komodo dragon and a blink frog.

Vanquished Creatures
  Rupert (Lair:5)
  A boulder beetle (Lair:3)
  5 hydras
  2 death yaks (Lair:5)
  2 harpies (Lair:6)
  A manticore (D:6)
  3 elephants (Lair:5)
  4 black mambas
  A torpor snail (Lair:5)
  A gargoyle (Volcano)
  A molten gargoyle (Volcano)
  10 cane toads
  4 rime drakes
  Psyche (D:8)
  9 komodo dragons
  A queen bee (Lair:2)
  A polar bear (Lair:4)
  Prince Ribbit (D:5)
  A hornet (D:8)
  5 blink frogs (Lair:5)
  A snapping turtle (Lair:6)
  11 dream sheep
  A shadow (D:9)
  6 wyverns
  Sigmund (D:3)
  5 basilisks
  2 fire elementals (Volcano)
  A steam dragon (Lair:6)
  17 yaks
  Menkaure (D:4)
  12 water moccasins
  2 sky beasts
  3 orc warriors
  10 wolves
  4 centaurs
  A phantom (D:5)
  4 kobold brigands
  8 bullfrogs
  A scorpion (D:5)
  A wyvern zombie (D:8)
  7 gnoll sergeants (Bailey)
  15 killer bees (Lair:2)
  2 howler monkeys
  A bullfrog zombie (D:5)
  3 centaur zombies
  4 hounds
  A centaur skeleton (D:7)
  A bullfrog skeleton (D:4)
  Crazy Yiuf (D:5)
  An orc priest (D:6)
  6 gnoll shamans
  Terence (D:3)
  Jessica (D:3)
  Ijyb (D:3)
  Natasha (D:3)
  3 iguanas
  An orc wizard (D:5)
  7 hell rats
  A hound zombie (D:5)
  2 hound skeletons
  Robin (D:2)
  21 gnolls
  A howler monkey skeleton (D:7)
  A river rat (Sewer)
  4 adders
  4 white imps
  2 ufetubi
  2 worms
  4 dart slugs
  33 orcs
  9 endoplasms
  11 giant cockroaches
  16 goblins
  9 hobgoblins
  13 jackals
  15 kobolds
  9 quokkas
  10 ball pythons
  6 bats
  2 frilled lizards
  9 rats
389 creatures vanquished.

Vanquished Creatures (others)
  A rat (D:1)
  14 fungi
  24 plants
39 creatures vanquished.

Grand Total: 428 creatures vanquished

Notes
Turn   | Place    | Note
-------+----------+-------------------------------------------
     0 | D:1      | mcbry74 the Minotaur Fighter began the quest for the Orb.
     0 | D:1      | Reached XP level 1. HP: 19/19 MP: 0/0
    30 | D:1      | Reached XP level 2. HP: 12/27 MP: 1/1
   393 | D:1      | Reached skill level 3 in Axes
   413 | D:1      | Found Fowyinop's Magic Scroll Emporium.
   603 | D:1      | Reached XP level 3. HP: 33/33 MP: 2/2
  1061 | D:2      | Noticed Robin
  1088 | D:1      | Reached skill level 4 in Axes
  1304 | D:2      | Killed Robin
  1305 | D:2      | Reached XP level 4. HP: 40/40 MP: 3/3
  1506 | D:2      | Identified the +5 hand axe "Abihibeg" {drain, rPois rN+
                  | Int+4}
  1866 | D:2      | Found Pinniguno's Antique Armour Boutique.
  1961 | D:2      | Found Dyzofo Zutu's Weapon Emporium.
  1973 | D:2      | Bought 3 curare-tipped darts for 18 gold pieces
  2308 | D:3      | Noticed Ijyb
  2344 | D:3      | Killed Ijyb
  2345 | D:3      | Reached skill level 5 in Axes
  2345 | D:3      | Reached XP level 5. HP: 41/46 MP: 4/4
  2412 | D:3      | Noticed Sigmund
  2421 | D:3      | Killed Sigmund
  2422 | D:3      | Reached skill level 6 in Axes
  2422 | D:3      | Reached skill level 5 in Armour
  2422 | D:3      | Reached XP level 6. HP: 52/52 MP: 5/5
  2753 | D:3      | Noticed Terence
  2760 | D:3      | Killed Terence
  2832 | D:3      | Noticed Jessica
  2842 | D:3      | Killed Jessica
  2915 | D:3      | Identified the +2 ring mail "Raijeath" {rPois rCorr Str+3}
  3121 | D:3      | Noticed Natasha
  3169 | D:3      | Killed Natasha
  3633 | D:4      | Reached skill level 7 in Axes
  3662 | D:4      | Noticed Menkaure
  3685 | D:4      | Killed Menkaure
  3686 | D:4      | Reached XP level 7. HP: 11/59 MP: 6/6
  4337 | D:4      | Reached skill level 8 in Axes
  4628 | D:5      | Entered Level 5 of the Dungeon
  4719 | D:5      | You fall into a shaft and drop 2 floors!
  4738 | D:7      | Reached skill level 9 in Axes
  4763 | D:6      | Reached XP level 8. HP: 49/66 MP: 7/7
  4826 | D:5      | Found a glowing drain.
  4846 | Sewer    | Entered a sewer
  5083 | Sewer    | Found a white marble altar of Elyvilon.
  5176 | D:5      | Reached skill level 10 in Axes
  5305 | D:5      | Noticed Prince Ribbit
  5323 | D:5      | Killed Prince Ribbit
  5759 | D:5      | Found a runed translucent door.
  5765 | D:5      | Noticed Crazy Yiuf
  5774 | D:5      | Killed Crazy Yiuf
  5842 | D:6      | Reached skill level 11 in Axes
  5882 | D:6      | Found Asheuc's Book Boutique.
  6089 | D:6      | Reached XP level 9. HP: 71/71 MP: 8/8
  6129 | D:6      | Noticed a manticore
  6135 | D:6      | Killed a manticore
  6136 | D:6      | Reached skill level 12 in Axes
  6863 | D:7      | Found a staircase to the Ecumenical Temple.
  6868 | Temple   | Entered the Ecumenical Temple
  7040 | Temple   | Became a worshipper of the Shining One
  7637 | D:8      | Noticed Psyche
  7647 | D:8      | Reached skill level 13 in Axes
  7650 | D:8      | Killed Psyche
  7651 | D:8      | Reached skill level 10 in Armour
  7678 | D:8      | Found a flagged portal.
  7693 | Bailey   | Entered a bailey
  8417 | Bailey   | Reached skill level 5 in Fighting
  8429 | Bailey   | Reached XP level 10. HP: 40/81 MP: 9/9
  8763 | Bailey   | Identified the +6 quarterstaff of Ozxebru {flame, *Corrode
                  | Str-2 Dex+6 SInv}
  8791 | Bailey   | Reached * piety under the Shining One
  8810 | Bailey   | Reached skill level 14 in Axes
  9544 | D:8      | Found a glowing silver altar of Zin.
  9828 | D:8      | Identified the +0 ring mail of the Arena {Dex+3}
 10034 | D:9      | Found a staircase to the Lair.
 10054 | Lair:1   | Entered Level 1 of the Lair of Beasts
 10439 | Lair:1   | Reached skill level 15 in Axes
 10751 | Lair:1   | Noticed a black mamba
 10756 | Lair:1   | Killed a black mamba
 10931 | Lair:1   | Reached skill level 1 in Dodging
 10932 | Lair:1   | Reached skill level 1 in Invocations
 11254 | Lair:1   | Noticed a cane toad
 11266 | Lair:1   | Reached skill level 1 in Throwing
 11269 | Lair:1   | Killed a cane toad
 11500 | Lair:2   | Noticed a seven-headed hydra
 11513 | Lair:2   | Reached XP level 11. HP: 97/97 MP: 11/11
 11524 | Lair:2   | Killed a two-headed hydra
 11639 | Lair:2   | Reached ** piety under the Shining One
 11677 | Lair:2   | Noticed a six-headed hydra
 11685 | Lair:2   | Killed a two-headed hydra
 11762 | Lair:2   | Found a dark tunnel.
 11770 | Volcano  | Entered a volcano
 11993 | Volcano  | Reached skill level 10 in Fighting
 12292 | Lair:2   | Reached skill level 16 in Axes
 13188 | Lair:3   | Reached XP level 12. HP: 104/110 MP: 14/14
 13266 | Lair:3   | Got the Volume of Free Will
 13296 | Lair:3   | You fall into a shaft and drop 1 floor!
 13311 | Lair:4   | Reached skill level 1 in Maces & Flails
 13311 | Lair:4   | Reached skill level 1 in Polearms
 13445 | Lair:3   | Reached skill level 5 in Dodging
 13513 | Lair:3   | Noticed a boulder beetle
 13529 | Lair:3   | Killed a boulder beetle
 13687 | Lair:4   | Found a staircase to the Snake Pit.
 13866 | Lair:4   | Reached *** piety under the Shining One
 13877 | Lair:4   | Reached skill level 5 in Invocations
 13935 | Lair:4   | Reached skill level 5 in Throwing
 14060 | Lair:4   | Found a staircase to the Shoals.
 14453 | Lair:5   | Noticed a seven-headed hydra
 14466 | Lair:4   | Killed a four-headed hydra
 14595 | Lair:5   | Found a viscous altar of Jiyva.
 14595 | Lair:5   | Found a staircase to the Slime Pits.
 14598 | Lair:5   | Noticed a death yak
 14598 | Lair:5   | Noticed a death yak
 14616 | Lair:5   | Killed a death yak
 14621 | Lair:5   | Killed a death yak
 14839 | Lair:5   | Noticed Rupert
 14863 | Lair:5   | Killed Rupert
 14864 | Lair:5   | Reached XP level 13. HP: 25/119 MP: 10/16
 15332 | Lair:6   | Entered Level 6 of the Lair of Beasts
 15374 | Lair:6   | Reached skill level 5 in Maces & Flails
 15385 | Lair:6   | Reached skill level 5 in Polearms
 15638 | Lair:6   | HP: 2/122 [snapping turtle (20)]
 15639 | Lair:6   | Mangled by a snapping turtle

Illustrated notes

Levels and vault maps discovered:
D:1:      dpeg_arrival_long_road, layout_basic, serial_shops, shop,
          chequers_serial_rivers_large_a, minmay_worlds_worst_comb
D:2:      layout_loops_ring, serial_shops, shop, nicolae_shop_behind_doors,
          minmay_pentomino_o2, uniq_robin
D:3:      layout_basic, due_unseen_surprise, uniq_natasha, uniq_jessica,
          uniq_terence, uniq_sigmund, uniq_ijyb
D:4:      layout_rooms, uniq_menkaure
D:5:      layout_loops_ring, gup_sewer_entry_pipe, uniq_prince_ribbit1,
          uniq_crazy_yiuf_cottage
D:6:      layout_loops_ring, serial_shops, shop
D:7:      layout_gridville, temple_doors_e
D:8:      layout_rooms, zin_academy, enter_bailey_3, wad_rectangle_vault,
          uniq_psyche
D:9:      layout_gridville, lair_entry_dummy
Temple:   mainiacjoe_temple_archimedes_tessellation
Lair:1:   layout_layer_cave
Lair:2:   layout_gridlike, special_room [special_room_bee], enter_volcano_2
Lair:3:   layout_misc_corridors
Lair:4:   layout_regular_city, elwin_shoals_entry_rocks,
          minmay_snake_entry_six_corridors, infiniplex_staircase_pool_2,
          grunt_megastairs_4
Lair:5:   layout_gridlike, slime_altar_1, grunt_megastairs_2, uniq_rupert
Lair:6:   gammafunk_lair_ancient_temple, layout_regular_city

Skill      XL: |  1  2  3  4  5  6  7  8  9 10 11 12 13 |
---------------+----------------------------------------+-----
Axes           | 3 4 5 6 7 9 11 13 15 16 | 16.4
Armour         | 4 5 6 7 8 10 11 12 13 | 13.4
Fighting       | 4 5 9 11 12 13 | 13.3
Shields        | 4 |  4.0
Dodging        | 1 4 6 |  6.8
Invocations    | 1 4 5 6 |  6.1
Throwing       | 1 3 5 6 |  6.0
Maces & Flails | 4 5 |  5.4
Polearms       | 4 5 |  5.4

Action                   |  1- 3 |  4- 6 |  7- 9 | 10-12 | 13-15 || total
-------------------------+-------+-------+-------+-------+-------++-------
Melee: War axe           |    68 |       |    88 |   455 |    86 ||   697
       Headbutt          |     9 |    15 |    58 |   119 |    23 ||   224
       Hand axe          |       |    81 |   244 |       |       ||   325
       Unarmed           |       |     3 |       |       |       ||     3
       Mace              |       |       |    23 |       |       ||    23
Throw: Dart              |       |     7 |     2 |    11 |       ||    20
Invok: Cleansing Flame   |       |       |       |     2 |       ||     2
       Divine Shield     |       |       |       |     1 |       ||     1
  Use: Scroll            |       |     1 |    11 |    13 |     2 ||    27
       Potion            |       |       |     2 |     2 |     2 ||     6
Armor: Scale mail        |    13 |       |       |       |       ||    13
       Chain mail        |    35 |    31 |   234 |   184 |    55 ||   539
Dodge: Dodged            |    35 |    26 |   138 |   165 |    45 ||   409
Block: Buckler           |    21 |    12 |    80 |    74 |    25 ||   212
